 Dungeon Crawl Stone Soup version 0.28-a0-667-g162e43154e (webtiles) character file.

Game seed: 14728960110269677693

219 Gargoyl the Skirmisher (level 5, -1/40 (47) HPs)
             Began as a Gnoll Abyssal Knight on Oct 17, 2021.
             Was a Follower of Lugonu.
             Slain by a wight (3 damage)
             ... on level 4 of the Dungeon.
             The game lasted 00:03:51 (3740 turns).

Gargoyl the Skirmisher (Gnoll Abyssal Knight)       Turns: 3740, Time: 00:03:52

HP:   -1/40 (47)    AC:  6    Str: 14    XL:     5   Next: 96%
MP:   8/8           EV: 11    Int:  9    God:    Lugonu [*.....]
Gold: 197           SH:  0    Dex: 12    Spells: 7/7 levels left

rFire   . . .      SeeInvis .   a - +1 hand axe
rCold   . . .      Faith    .   (no shield)
rNeg    . . .      Spirit   .   e - +0 ring mail
rPois   .          Reflect  .   (no helmet)
rElec   .          Harm     .   (no cloak)
rCorr   .          Rampage  .   (no gloves)
Will    .....                   (no boots)
Stlth   +.........              i - amulet of the acrobat
HPRegen 0.13/turn               (no ring)
MPRegen 0.11/turn               (no ring)

@: heavily drained
A: fangs 1, strong nose, distributed training
a: Renounce Religion, Depart the Abyss


You were on level 4 of the Dungeon.
You worshipped Lugonu.
Lugonu was aware of your devotion.
You visited 1 branch of the dungeon, and saw 4 of its levels.
You visited the Abyss 1 time.

You collected 197 gold pieces.

Inventory:

Hand Weapons
 a - a +1 hand axe (weapon)
 k - a +1 dagger of venom
Missiles
 h - 2 curare-tipped darts (quivered)
 n - 14 poisoned darts
Armour
 b - a +0 leather armour
 e - a +0 ring mail (worn)
Jewellery
 i - an amulet of the acrobat (around neck)
 p - an amulet of regeneration
Wands
 q - a wand of iceblast (14)
Scrolls
 f - a scroll of holy word
 m - a scroll of identify
Potions
 c - 3 potions of brilliance
 d - 3 potions of curing
 g - a potion of resistance {unknown}
 j - a potion of heal wounds {unknown}
 l - a potion of degeneration {unknown}
 o - a potion of flight {unknown}


   Skills:
 + Level 6.7 Fighting
 + Level 1.7 Short Blades
 + Level 1.7 Long Blades
 + Level 4.9 Axes
 + Level 1.7 Maces & Flails
 + Level 1.7 Polearms
 + Level 1.7 Staves
 + Level 1.7 Slings
 + Level 1.7 Bows
 + Level 1.7 Crossbows
 + Level 1.7 Throwing
 + Level 4.9 Armour
 + Level 3.1 Dodging
 + Level 1.7 Stealth
 + Level 1.7 Shields
 + Level 1.7 Unarmed Combat
 + Level 1.7 Spellcasting
 + Level 1.3 Conjurations
 + Level 1.3 Hexes
 + Level 1.3 Summonings
 + Level 1.3 Necromancy
 + Level 1.3 Translocations
 + Level 1.3 Transmutations
 + Level 1.3 Fire Magic
 + Level 1.3 Ice Magic
 + Level 1.3 Air Magic
 + Level 1.3 Earth Magic
 + Level 1.3 Poison Magic
 + Level 5.0 Invocations
 + Level 1.7 Evocations


You had 7 spell levels left.
You didn't know any spells.
Your spell library was empty.

Dungeon Overview and Level Annotations

Branches:
Dungeon (4/15)             Temple (0/1) D:4

Altars:
Gozag
Okawaru


Innate Abilities, Weirdness & Mutations

You have very sharp teeth.
Your uncanny sense of smell can sniff out nearby items.
Your experience applies equally to all skills.


Message History

You barely miss the wight. You bite the wight, but do no damage.
The wight barely misses you.
Unknown command.
You hit the wight. You bite the wight, but do no damage.
The wight is moderately damaged.
The wight hits you with a +2 short sword!
You hit the wight but do no damage.
The wight is moderately damaged.
The wight hits you with a +2 short sword.
You feel drained.
The wight hits you with a +2 short sword.
You feel drained.
Unknown command.
You hit the wight but do no damage.
The wight is moderately damaged.
The wight closely misses you.
Unknown command.
You hit the wight.
The wight is heavily damaged.
The wight hits you with a +2 short sword.
You closely miss the wight.
The wight is heavily damaged.
The wight closely misses you.
Unknown command.
You hit the wight but do no damage.
The wight is heavily damaged.
The wight hits you with a +2 short sword.
* * * LOW HITPOINT WARNING * * *
You feel drained.
Unknown command.
You closely miss the wight.
The wight is heavily damaged.
The wight barely misses you.
Unknown command.
You completely miss the wight. You bite the wight, but do no damage.
The wight is heavily damaged.
The wight hits you with a +2 short sword!
* * * LOW HITPOINT WARNING * * *
You feel drained.
You die...

#. #... #.... #.... #
#.... #.##.8.### #####
#........### #<..#
#.8.>.8..<######'#######
#.......).'..z@........#
###.8.#...#####........#
#........# #........#
#........# #........#
##.##+#### ########## #.
z. .. J.. ∆


You could see a wight.

Vanquished Creatures
  A wight (D:4)
  A hound skeleton (D:2)
  7 gnolls
  5 adders
  2 dart slugs (D:1)
  An orc (D:3)
  4 endoplasms
  A giant cockroach (D:1)
  4 hobgoblins
  4 jackals (D:3)
  A quokka (D:1)
  5 ball pythons
  4 bats
  2 frilled lizards (D:1)
  2 goblins (D:1)
  8 kobolds
  3 rats
55 creatures vanquished.

Notes
Turn   | Place    | Note
-------+----------+-------------------------------------------
     0 | Abyss:1  | Gargoyl the Gnoll Abyssal Knight began the quest for the
                  | Orb.
     0 | Abyss:1  | Reached XP level 1. HP: 23/23 MP: 3/3
    44 | Abyss:1  | Noticed a wight
    90 | Abyss:1  | Noticed an ophan
    91 | D:1      | Escaped the Abyss
   207 | D:1      | Reached XP level 2. HP: 25/29 MP: 5/5
   253 | D:1      | Reached * piety under Lugonu
   576 | D:1      | Found a faded altar of an unknown god.
   652 | D:1      | Reached XP level 3. HP: 31/35 MP: 6/6
  1231 | D:2      | Reached skill level 1 in Short Blades
  1231 | D:2      | Reached skill level 1 in Long Blades
  1231 | D:2      | Reached skill level 1 in Maces & Flails
  1231 | D:2      | Reached skill level 1 in Polearms
  1231 | D:2      | Reached skill level 1 in Staves
  1231 | D:2      | Reached skill level 1 in Slings
  1231 | D:2      | Reached skill level 1 in Bows
  1231 | D:2      | Reached skill level 1 in Crossbows
  1231 | D:2      | Reached skill level 1 in Throwing
  1231 | D:2      | Reached skill level 1 in Stealth
  1231 | D:2      | Reached skill level 1 in Shields
  1231 | D:2      | Reached skill level 1 in Unarmed Combat
  1231 | D:2      | Reached skill level 1 in Spellcasting
  1231 | D:2      | Reached skill level 1 in Evocations
  1231 | D:2      | Reached XP level 4. HP: 36/41 MP: 7/7
  1682 | D:1      | Reached skill level 1 in Conjurations
  1682 | D:1      | Reached skill level 1 in Hexes
  1682 | D:1      | Reached skill level 1 in Summonings
  1682 | D:1      | Reached skill level 1 in Necromancy
  1682 | D:1      | Reached skill level 1 in Translocations
  1682 | D:1      | Reached skill level 1 in Transmutations
  1682 | D:1      | Reached skill level 1 in Fire Magic
  1682 | D:1      | Reached skill level 1 in Ice Magic
  1682 | D:1      | Reached skill level 1 in Air Magic
  1682 | D:1      | Reached skill level 1 in Earth Magic
  1682 | D:1      | Reached skill level 1 in Poison Magic
  2091 | D:2      | Found an opulent altar of Gozag.
  2384 | D:2      | Reached XP level 5. HP: 47/47 MP: 8/8
  2904 | D:3      | Found an iron altar of Okawaru.
  3701 | D:4      | Found a staircase to the Ecumenical Temple.
  3732 | D:4      | Reached skill level 5 in Invocations
  3740 | D:4      | HP: 2/42 [wight (10)]
  3740 | D:4      | Slain by a wight

Illustrated notes

Levels and vault maps discovered:
D:1:      tarquinn_simple_flora_water_f, layout_rooms,
          chequers_ecumenical_altar_island
D:2:      layout_loops_ring, basic_altar
D:3:      layout_loops_ring, mainiacjoe_overflow_alcove_4
D:4:      layout_basic, minmay_temple_entry_statues_pillars,
          amcnicky_mini_pool_small, uniq_pikel, uniq_grinder

Skill      XL: |  1  2  3  4  5 |
---------------+----------------+-----
Short Blades   | 1 |  1.7
Long Blades    | 1 |  1.7
Maces & Flails | 1 |  1.7
Polearms       | 1 |  1.7
Staves         | 1 |  1.7
Slings         | 1 |  1.7
Bows           | 1 |  1.7
Crossbows      | 1 |  1.7
Throwing       | 1 |  1.7
Stealth        | 1 |  1.7
Shields        | 1 |  1.7
Unarmed Combat | 1 |  1.7
Spellcasting   | 1 |  1.7
Evocations     | 1 |  1.7
Conjurations   | 1 |  1.3
Hexes          | 1 |  1.3
Summonings     | 1 |  1.3
Necromancy     | 1 |  1.3
Translocations | 1 |  1.3
Transmutations | 1 |  1.3
Fire Magic     | 1 |  1.3
Ice Magic      | 1 |  1.3
Air Magic      | 1 |  1.3
Earth Magic    | 1 |  1.3
Poison Magic   | 1 |  1.3
Dodging        | 3 |  3.1
Invocations    | 5 |  5.0
Fighting       | |  6.7
Axes           | |  4.9
Armour         | |  4.9

Action                   |  1- 3 |  4- 6 || total
-------------------------+-------+-------++-------
Melee: Hand axe          |    59 |    88 ||   147
       Bite              |     7 |    12 ||    19
       Dagger            |       |    41 ||    41
       Punch             |       |     1 ||     1
Throw: Dart              |     3 |     2 ||     5
Invok: Depart the Abyss  |     1 |       ||     1
  Use: Scroll            |     2 |     2 ||     4
Armor: Leather armour    |     6 |       ||     6
       Ring mail         |    22 |    36 ||    58
Dodge: Dodged            |    37 |    94 ||   131

Table legend: (Time is in decaauts)
 A = Elapsed time spent in this place.
 B = Non-inter-level travel time spent in this place.
 C = Inter-level travel time spent in this place.
 D = Time resting spent in this place.
 E = Time spent auto-exploring this place.
 F = Levels seen in this place.
 G = Mean time per level.
                   A        B        C        D        E       F      G
               +--------+--------+--------+--------+--------+-----+--------+
         Total |   3758 |   3699 |     59 |    867 |   2151 |   5 |  751.6 |
       Dungeon |   3667 |   3608 |     59 |    867 |   2068 |   4 |  916.8 |
         Abyss |     91 |     91 |      0 |      0 |     83 |   1 |   91.0 |
               +--------+--------+--------+--------+--------+-----+--------+

Top non-repeatable levels by time:
     D:1: 1613 daAuts
     D:3: 1014 daAuts
     D:2: 983 daAuts
 Abyss:1: 91 daAuts
     D:4: 56 daAuts
